 Dungeon Crawl Stone Soup version 0.18.1-6-gd335043 (webtiles) character file.

201 epen the Chiller (level 5, -1/38 HPs)
             Began as a Draconian Ice Elementalist on May 15, 2016.
             Slain by a phantom (4 damage)
             ... on level 4 of the Dungeon.
             The game lasted 00:09:40 (3966 turns).

epen the Chiller (Draconian Ice Elementalist)       Turns: 3966, Time: 00:09:41

Health: -1/38      AC: 11    Str: 10    XL:     5   Next: 50%
Magic:  6/9        EV: 12    Int: 17    God:
Gold:   117        SH:  0    Dex: 11    Spells: 3 memorised, 4 levels left

rFire  . . .     SeeInvis .     q - +1 dagger (venom)
rCold  . . .     Gourm    .     (armour unavailable)
rNeg   . . .     Faith    .     (no shield)
rPois  .         Spirit   .     (helmet restricted)
rElec  .         Dismiss  .     (no cloak)
rCorr  .         Reflect  .     (no gloves)
SustAt .         Harm     .     r - +0 pair of boots
MR     .....                    (no amulet)
Stlth  ++........               (no ring)
                                (no ring)

@: icy armour, very slightly contaminated, slow, not resistant to hostile
enchantments, unstealthy
A: unfitting armour, cold-blooded, AC +5
a: no special abilities


You were on level 4 of the Dungeon.
You were not hungry.

You visited 1 branch of the dungeon, and saw 4 of its levels.

You collected 117 gold pieces.

Inventory:

Hand Weapons
 e - a +1 dagger of electrocution
 m - a +0 whip of venom
 q - a +1 dagger of venom (weapon)
Armour
 r - a +0 pair of boots (worn)
Jewellery
 o - an uncursed amulet of dismissal {unknown}
Scrolls
 c - a scroll of fear {unknown}
 d - 5 scrolls of identify {unknown}
 h - a scroll of teleportation {unknown}
 i - a scroll of amnesia {unknown}
 l - a scroll of random uselessness {unknown}
 p - a scroll of remove curse {unknown}
 t - a scroll of fog {unknown}
Potions
 f - 4 potions of might {unknown}
 g - a potion of flight {unknown}
 j - a potion of cure mutation {unknown}
 k - a potion of mutation {unknown}
 s - 2 potions of heal wounds {unknown}
 u - 2 potions of degeneration {unknown}
Books
 a - a book of Frost

   Spells                             Type                      Level
   a - Freeze                         Ice                          1
   b - Throw Frost                    Conjuration/Ice              2
   c - Ozocubu's Armour               Charms/Ice                   3
   d - Throw Icicle                   Conjuration/Ice              4
   e - Summon Ice Beast               Ice/Summoning                4
Comestibles
 b - 3 bread rations
 n - a meat ration


   Skills:
 * Level 2.6 Dodging
 - Level 1.7 Stealth
 * Level 3.0 Spellcasting
 * Level 3.2 Conjurations
 * Level 4.1 Ice Magic


You had 4 spell levels left.
You knew the following spells:

 Your Spells              Type           Power        Failure   Level  Hunger
a - Freeze                Ice            ###.         3%          1    None
b - Throw Frost           Conj/Ice       ###...       10%         2    ##.....
c - Ozocubu's Armour      Chrm/Ice       #.......     24%         3    ###....


Dungeon Overview and Level Annotations

Branches:
Dungeon (4/15)
 Temple: D:4-7

Altars:
Pakellas
Qazlal
Trog


Innate Abilities, Weirdness & Mutations

Your plain brown scales are hard (AC +5).
Your body does not fit into most forms of armour.
You are cold-blooded and may be slowed by cold attacks.


Message History

You closely miss the phantom.
The phantom is severely damaged.
The phantom hits you but does no damage.
You hit the phantom but do no damage.
The phantom is severely damaged.
The phantom hits you.
* * * LOW HITPOINT WARNING * * *
The phantom blinks!
The phantom blinks!
You miss the phantom.
The phantom is severely damaged.
The phantom hits you.
* * * LOW HITPOINT WARNING * * *
You hit the phantom.
The phantom is severely damaged.
The phantom blinks!
You hit the phantom but do no damage.
The phantom is severely damaged.
The phantom hits you.
You die...

#. #.## .####
..###.#
......#.....#
####...###
..........#
##.######.#
#.# #@# #W#
#<# #.# #.#
#.# #.# #.#
#.#


You could see a phantom.

Vanquished Creatures
  An orc wizard (D:3)
  3 gnolls (D:3)
  5 adders
  An ooze (D:3)
  7 worms
  2 dart slugs (D:2)
  A giant gecko (D:3)
  3 orcs (D:3)
  2 giant cockroaches
  10 goblins
  11 hobgoblins
  7 kobolds
  A quokka (D:2)
  8 bats
  4 giant newts
  5 rats
71 creatures vanquished.

Notes
Turn   | Place    | Note
--------------------------------------------------------------
     0 | D:1      | epen the Draconian Ice Elementalist began the quest for the Orb.
     0 | D:1      | Reached XP level 1. HP: 14/14 MP: 3/3
   249 | D:1      | Reached XP level 2. HP: 19/20 MP: 0/5
   253 | D:1      | Learned a level 2 spell: Throw Frost
  1295 | D:2      | Reached XP level 3. HP: 26/26 MP: 4/6
  1300 | D:2      | Learned a level 3 spell: Ozocubu's Armour
  1306 | D:2      | Found a stormy altar of Qazlal.
  1508 | D:2      | Found a bloodstained altar of Trog.
  2104 | D:2      | Reached XP level 4. HP: 33/33 MP: 7/7
  2329 | D:2      | Found an oddly glowing altar of Pakellas.
  2947 | D:3      | Reached skill level 4 in Ice Magic
  2950 | D:3      | Reached XP level 5. HP: 33/38 MP: 2/9
  3512 | D:4      | Noticed a phantom
  3966 | D:4      | Slain by a phantom

Skill      XL: |  1  2  3  4  5 |
---------------+----------------+-----
Dodging        | 2 |  2.6
Conjurations   | 2 3 |  3.2
Ice Magic      | 4 |  4.1
Spellcasting   | 3 |  3.0
Stealth        | |  1.7

Action                   |  1- 3 |  4- 6 || total
-------------------------+-------+-------++-------
Melee: Unarmed           |    32 |       ||    32
       Tailslap          |     4 |    14 ||    18
       Dagger            |    60 |   166 ||   226
       Whip              |       |    11 ||    11
 Cast: Freeze            |    27 |    14 ||    41
       Throw Frost       |     1 |     1 ||     2
       Ozocubu's Armour  |     2 |     7 ||     9
 Stab: Sleeping          |     5 |     1 ||     6
  Eat: Chunk             |     4 |     5 ||     9
       Bread ration      |       |     1 ||     1
Armor: Skin              |    33 |    58 ||    91
Dodge: Dodged            |    76 |    84 ||   160
